 Dungeon Crawl Stone Soup version 0.19-a0-97-g21dea92 (webtiles) character file.

70 wvc the Chiller (level 4, -4/45 HPs)
             Began as a Merfolk Ice Elementalist on May 16, 2016.
             Slain by Sigmund
             ... wielding a +0 scythe
              (5 damage)
             ... on level 2 of the Dungeon.
             The game lasted 00:05:36 (1664 turns).

wvc the Chiller (Merfolk Ice Elementalist)          Turns: 1664, Time: 00:05:37

Health: -4/45      AC:  7    Str: 13    XL:     4   Next: 21%
Magic:  1/8        EV: 13    Int: 15    God:
Gold:   89         SH:  0    Dex: 14    Spells: 2 memorised, 5 levels left

rFire  + . .     SeeInvis .     i - +0 spear
rCold  . . .     Gourm    .     a - +0 robe
rNeg   . . .     Faith    .     (no shield)
rPois  +         Spirit   .     (no helmet)
rElec  .         Dismiss  .     (no cloak)
rCorr  .         Reflect  .     (no gloves)
SustAt .         Harm     .     (no boots)
MR     .....     Rnd*Rage +     (no amulet)
Stlth  ..........               (no ring)
                                l - ring of poison resistance

@: berserking, icy armour (expiring), very slightly contaminated, invisible,
very quick, not resistant to hostile enchantments, extremely unstealthy
A: change form in water, swift swim, berserk 1, fire resistance 1, evolution 1
a: no special abilities


You were on level 2 of the Dungeon.
You were not hungry.

You visited 1 branch of the dungeon, and saw 2 of its levels.

You collected 89 gold pieces.

Inventory:

Hand Weapons
 i - a +0 spear (weapon)
Missiles
 f - 5 needles of confusion
Armour
 a - a +0 robe (worn)
Jewellery
 l - a ring of poison resistance (left hand)
Scrolls
 g - 3 scrolls of remove curse {unknown}
 h - a scroll of magic mapping {unknown}
 k - 2 scrolls of teleportation {unknown}
 n - a scroll of identify {unknown}
Books
 b - a book of Frost

   Spells                             Type                      Level
   a - Freeze                         Ice                          1
   b - Throw Frost                    Conjuration/Ice              2
   c - Ozocubu's Armour               Charms/Ice                   3
   d - Throw Icicle                   Conjuration/Ice              4
   e - Summon Ice Beast               Ice/Summoning                4
Comestibles
 c - 3 bread rations
 d - 2 meat rations
 m - a chunk of flesh


   Skills:
 + Level 0.4 Polearms
 - Level 2.6 Dodging
 - Level 2.1 Stealth
 + Level 3.0 Spellcasting
   Level 0.7 Conjurations
 + Level 4.5 Ice Magic


You had 5 spell levels left.
You knew the following spells:

 Your Spells              Type           Power        Failure   Level  Hunger
a - Freeze                Ice            ###.         3%          1    #......
b - Ozocubu's Armour      Chrm/Ice       #.......     24%         3    ###....


Dungeon Overview and Level Annotations

Branches:
Dungeon (2/15)

Altars:
Lugonu

Portals:
Abyss: D:1

Annotations:
D:2 Sigmund


Innate Abilities, Weirdness & Mutations

You revert to your normal form in water.
You are very nimble and swift while swimming.
You tend to lose your temper in combat.
Your flesh is heat resistant.
You evolve.


Message History

The heat melts your icy armour.
You hit something. Something hits you.
You closely miss something.
You hear some strange, mumbled words.
A puff of flame appears from out of thin air!
The puff of flame hits you! You resist.
* * * LOW HITPOINT WARNING * * *
The heat melts your icy armour. Something hits you.
* * * LOW HITPOINT WARNING * * *
You closely miss something.
You hear some strange, mumbled words.
A puff of flame appears from out of thin air!
The puff of flame hits you! You resist.
* * * LOW HITPOINT WARNING * * *
The heat melts your icy armour.
A red film seems to cover your vision as you go berserk!
You feel yourself moving faster!
You feel mighty!
You barely miss something. Something hits you.
You die...

.# #..........## .
#######............ ##?.
....#.....>........ # #..##
###...#####.....#.. ..##
#.... ..........).###.#..
#.... #....#######..#####
#.#># ..$##@.#..######..#
###...# ##)....##........)#
##....##
#......#####@##...####..#.##
#......##..####..##..##.#
###...(#).## #.[...###.#
#..)...######.##..# #.#
#..#....[..##...#.###.##
#...#..####.###......#..##
#.#.##..###..#..#.##.....#
...#.###..# #....#.#####...
...##.# ##.###..#......##.#.


There were no monsters in sight!

Vanquished Creatures
  3 adders (D:2)
  4 dart slugs
  A giant gecko (D:2)
  4 giant cockroaches
  3 goblins
  3 hobgoblins
  3 jackals (D:2)
  2 bats (D:1)
  4 giant newts
  4 kobolds
  5 rats
36 creatures vanquished.

Notes
Turn   | Place    | Note
--------------------------------------------------------------
     0 | D:1      | wvc the Merfolk Ice Elementalist began the quest for the Orb.
     0 | D:1      | Reached XP level 1. HP: 13/13 MP: 3/3
    82 | D:1      | Reached XP level 2. HP: 12/19 MP: 0/5
   273 | D:1      | Found a one-way gate to the infinite horrors of the Abyss.
   273 | D:1      | Found a corrupted altar of Lugonu.
   273 | D:1      | Noticed a demonic crawler
   277 | D:1      | Noticed a demonic crawler
   407 | D:1      | Reached skill level 4 in Ice Magic
   790 | D:1      | Reached XP level 3. HP: 22/24 MP: 6/6
  1519 | D:2      | Learned a level 3 spell: Ozocubu's Armour
  1583 | D:2      | Reached XP level 4. HP: 29/30 MP: 8/8
  1636 | D:2      | Noticed Sigmund
  1655 | D:2      | Gained mutation: You tend to lose your temper in combat. [potion of mutation]
  1655 | D:2      | Gained mutation: Your flesh is heat resistant. [potion of mutation]
  1655 | D:2      | Gained mutation: You evolve. [potion of mutation]
  1663 | D:2      | HP: 1/30 [something/puff of flame (4)]
  1664 | D:2      | Slain by Sigmund

Vault maps used:
D:1:      erik_arrival_cave_to_civilisation, amethyst_killhole
D:2:      uniq_sigmund

Skill      XL: |  1  2  3  4 |
---------------+-------------+-----
Ice Magic      | 4 |  4.5
Spellcasting   | 3 |  3.0
Polearms       | |  0.4
Dodging        | |  2.6
Stealth        | |  2.1
Conjurations   | |  0.7

Action                   |  1- 3 |  4- 6 || total
-------------------------+-------+-------++-------
Melee: Unarmed           |    19 |       ||    19
       Spear             |    58 |    17 ||    75
 Cast: Freeze            |    39 |     6 ||    45
       Ozocubu's Armour  |       |     1 ||     1
  Use: Potion            |       |     2 ||     2
 Stab: Sleeping          |     3 |     1 ||     4
  Eat: Chunk             |     3 |       ||     3
Armor: Robe              |    10 |     3 ||    13
Dodge: Dodged            |    66 |     5 ||    71
